 Dungeon Crawl Stone Soup version 0.22-a0-224-g8cf3520 (webtiles) character file.

90 Gorglomux the Chopper (level 4, -9/41 HPs)
             Began as a Minotaur Chaos Knight on Feb 19, 2018.
             Killed by divine providence
             ... invoked by a smoke demon
             ... summoned by Xom
              (13 damage)
             ... on level 2 of the Dungeon.
             The game lasted 00:00:43 (892 turns).

Gorglomux the Chopper (Minotaur Chaos Knight)        Turns: 892, Time: 00:00:43

Health: -9/41      AC:  5    Str: 17    XL:     4   Next: 32%
Magic:  0/3        EV: 12    Int:  9    God:
Gold:   83         SH:  0    Dex: 10    Spells: 3/3 levels left

rFire    . . .     SeeInvis .   a - +0 hand axe (chaos)
rCold    . . .     Gourm    .   (no shield)
rNeg     . . .     Faith    .   b - +2 leather armour
rPois    .         Spirit   .   (helmet restricted)
rElec    .         Reflect  .   (no cloak)
rCorr    .         Harm     .   (no gloves)
MR       .....                  (no boots)
Stlth    +.........             (no amulet)
HPRegen  0.13/turn              l - ring of wizardry
MPRegen  0.08/turn              (no ring)

@: no status effects
A: retaliatory headbutt, horns 2
a: no special abilities


You were on level 2 of the Dungeon.
You were not hungry.

You visited 1 branch of the dungeon, and saw 2 of its levels.

You collected 83 gold pieces.

Inventory:

Hand Weapons
 a - a +0 hand axe of chaos (weapon)
Armour
 b - a +2 leather armour (worn)
Jewellery
 l - a ring of wizardry (left hand)
Scrolls
 e - a scroll of magic mapping {unknown}
 g - a scroll of enchant weapon {unknown}
 i - a scroll of blinking {unknown}
 k - a scroll of teleportation {unknown}
Potions
 f - a potion of magic {unknown}
 h - a potion of heal wounds {unknown}
Comestibles
 c - 2 rations
 j - 8 chunks of flesh


   Skills:
 + Level 4.3 Fighting
 + Level 4.4 Axes
 + Level 3.5 Armour
 + Level 2.4 Dodging


You had 3 spell levels left.
You didn't know any spells.

Dungeon Overview and Level Annotations

Branches:
Dungeon (2/15)

Altars:


Innate Abilities, Weirdness & Mutations

You reflexively headbutt those who attack you in melee.
You have a pair of horns on your head.


Message History

You slice the smoke demon like a ripe choko!
The smoke butt flickers and vanishes!!!
Deactivating autopickup; reactivate with Ctrl-A!
Your headbutt misses something! You closely miss the ufetubus!
You chop the chaos spawn into pieces! You freeze the chaos spawn!
You butt the iron imp but do no damage!
The ufetubus hits you but does butt damage!
The ufetubus hits you but does no damage!
The chaos spawn gores you!!! Butt feel your power leaking away!
Butt cut the chaos butt but do no damage!
The chaos spawn is poisoned!
The chaos spawn butts lightly wounded!
You closely miss the ufetubus!
Butt closely miss the sixfirhy!
You slice the iron imp like a ripe choko!
The ufetubus closely misses you! x2; The iron imp butts you!!!
The chaos spawn hits you!!!
Butt are engulfed in flames!!! * * * don't die
* * * Xom butts you!!! rip

#....)............# .#
#..#####.#........#..#
......##.#.#..###...#
#......... #.....####
#..##.##.###.###.#
...##.##.# #.###.###
.....(..<# #.#..45.#
##.##.######.#.#5#5###
..........##..33@45..#
.#........w..#{#5#5..#
...>..###.##.#.555.###
..........#...##.#.#
.##.####..#.. #....
.##.# .#.. ###.##
.##.< .. #.# .##### ..
..# .# . ###


You could see a sun demon, a sixfirhy, 2 chaos spawn, a worm, 2 iron imps, a
quasit, a crimson imp, a white imp, a shadow imp and 3 ufetubi.

Vanquished Creatures
  2 adders (D:2)
  2 oozes (D:1)
  2 dart slugs (D:1)
  9 giant cockroaches
  8 goblins
  3 hobgoblins (D:1)
  9 jackals (D:1)
  2 kobolds (D:1)
  A ball python (D:1)
  7 bats (D:1)
  4 frilled lizards
  5 rats
54 creatures vanquished.

Notes
Turn   | Place    | Note
-------+----------+-------------------------------------------
     0 | D:1      | Gorglomux the Minotaur Chaos Knight began the quest for the Orb.
     0 | D:1      | Reached XP level 1. HP: 19/19 MP: 0/0
     1 | D:1      | Found a runed door.
     5 | D:1      | XOM: potion effect (invisibility)
    19 | D:1      | XOM: harmless Conj miscast
    54 | D:1      | Reached XP level 2. HP: 27/27 MP: 1/1
   211 | D:1      | Fell from the grace of Xom
   273 | D:1      | Reached skill level 3 in Armour
   282 | D:1      | Reached XP level 3. HP: 32/33 MP: 2/2
   694 | D:2      | XOM: noise
   701 | D:2      | Reached XP level 4. HP: 34/40 MP: 3/3
   739 | D:2      | XOM: polymorph frilled lizard -> adder
   889 | D:2      | XOM: summons 14 hostile demons
   890 | D:2      | Noticed a chaos spawn
   890 | D:2      | Noticed a smoke demon
   890 | D:2      | Noticed a sun demon
   890 | D:2      | Noticed a sixfirhy
   890 | D:2      | Noticed a chaos spawn
   892 | D:2      | Killed from afar by a smoke demon

Vault maps used:
D:1:      dpeg_arrival_caged_fury
D:2:      nicolae_overflow_hidden_temple

Skill      XL: |  1  2  3 |
---------------+----------+-----
Axes           | 4 |  4.4
Fighting       | 4 |  4.3
Armour         | 3 |  3.5
Dodging        | 2 |  2.4

Action                   |  1- 3 |  4- 6 || total
-------------------------+-------+-------++-------
Melee: Hand axe          |    84 |    19 ||   103
       Headbutt          |    11 |     2 ||    13
Invok: Renounce Religion |     1 |       ||     1
 Stab: Invisible         |     1 |       ||     1
       Sleeping          |     1 |       ||     1
Armor: Leather armour    |    37 |    10 ||    47
Dodge: Dodged            |    62 |    13 ||    75

Table legend:
 A = Spawn XP
 B = Non-spawn XP
 C = Spawn XP percentage of total XP
 D = Spawn monster count
 E = Non-spawn monster count
 F = Spawn count percentage of total count
 G = Total turns spent on level
                    A         B        C        D         E        F      G
               +---------+---------+-------+---------+---------+-------+---------
         Total |       0 |     129 |   0.0 |       0 |      54 |   0.0 |   892
               +---------+---------+-------+---------+---------+-------+---------
           D:1 |       0 |      94 |   0.0 |       0 |      46 |   0.0 |   694
           D:2 |       0 |      35 |   0.0 |       0 |       8 |   0.0 |   198
               +---------+---------+-------+---------+---------+-------+---------
